 Dungeon Crawl Stone Soup version 0.28.0 (webtiles) character file.

Game seed: 4996240098674864374

13563 HallandMoats the Grappler (level 12, -4/111 HPs)
             Began as a Ghoul Monk on Feb 12, 2022.
             Was a High Priest of Jiyva.
             Killed from afar by Azrael (38 damage)
             ... with damnation
             ... on level 12 of the Dungeon.
             The game lasted 00:12:24 (9916 turns).

HallandMoats the Grappler (Ghoul Monk)              Turns: 9916, Time: 00:12:25

Health: -4/111     AC: 14    Str: 20    XL:     12   Next: 7%
Magic:  0/16       EV: 10    Int:  5    God:    Jiyva [*****.]
Gold:   438        SH:  0    Dex: 11    Spells: 11/11 levels left

rFire   . . .      SeeInvis .     - Unarmed
rCold   + . .      Faith    .   (no shield)
rNeg    + + +      Spirit   +   g - +0 chain mail
rPois   ∞          Reflect  .   s - +0 helmet
rElec   .          Harm     .   u - +0 cloak
rCorr   +          Rampage  .   (no gloves)
Will    .....                   i - +0 pair of boots
Stlth   ..........              j - amulet of guardian spirit
HPRegen 1.44/turn               (no ring)
MPRegen 0.60/turn               (no ring)

@: slimy, calling ooze, inhibited regen
A: claws 1, cold resistance 1, negative energy resistance 3, inhibited
regeneration, torment resistance 2
a: Renounce Religion, Oozemancy, Slimify


You were on level 12 of the Dungeon.
You worshipped Jiyva.
Jiyva was extremely pleased with you.
You visited 1 branch of the dungeon, and saw 12 of its levels.

You collected 438 gold pieces.

Inventory:

Hand Weapons
 m - a +4 spear
Armour
 g - a +0 chain mail (worn)
 i - a +0 pair of boots (worn)
 s - a +0 helmet (worn)
 u - a +0 cloak (worn)
Jewellery
 j - an amulet of guardian spirit (around neck)
Wands
 e - a wand of mindburst (13)
 r - a wand of acid (15)
 t - a wand of iceblast (15)
 w - a wand of paralysis (2)
 x - a wand of digging (5)
 y - a wand of flame (12)
Scrolls
 a - 2 scrolls of teleportation
 d - 2 scrolls of immolation
 k - a scroll of identify
Potions
 b - 2 potions of attraction {unknown}
 c - 2 potions of curing
 f - 2 potions of might {unknown}
 h - 2 potions of flight {unknown}
 l - a potion of haste {unknown}
 n - a potion of mutation {unknown}
 o - 3 potions of lignification {unknown}
 p - a potion of cancellation {unknown}
 q - a potion of heal wounds {unknown}
 v - a potion of degeneration {unknown}


   Skills:
 * Level 11.7 Fighting
 + Level 6.5 Armour
 + Level 7.2 Dodging
 - Level 2.1 Stealth
 * Level 11.7 Unarmed Combat
 + Level 7.8 Invocations


You had 11 spell levels left.
You didn't know any spells.
Your spell library contained the following spells:

 Spells                   Type           Power      Damage    Failure   Level
 Summon Guardian Golem    Hex/Summ       0%         N/A       100%        3
 Orb of Destruction       Conj           0%         9d5       100%        7
 Spellforged Servitor     Conj/Summ      0%         N/A       100%        7


Dungeon Overview and Level Annotations

Branches:
Dungeon (12/15)            Temple (0/1) D:5            Lair (0/6) D:10
    Orc (0/2) D:9

Altars:
Ashenzari
Elyvilon
Fedhas
Hepliaklqana
Kikubaaqudgha
Nemelex Xobeh
Qazlal
Ru
Trog
Uskayaw
Vehumet
Wu Jian
Yredelemnul
Zin
The Shining One
Jiyva

Shops:
D:3 [   D:5 (   D:8 (

Annotations:
D:4 1 runed translucent door, Jingleheimer's ghost, amateur MiHu
D:12 Azrael


Innate Abilities, Weirdness & Mutations

You thrive by killing the living.
You are immune to poison.
You have sharp fingernails.
Your flesh is cold resistant. (rC+)
You are immune to negative energy. (rN+++)
You do not regenerate when monsters are visible.
You are immune to unholy pain and torment.


Message History

The centaur hits you. The centaur barely misses you.
The wall burns the hell hound!
The wall burns the hell hound!
You kill the hell hound!
The walls burn the fire elemental!
The walls burn the fire elemental!
The wall burns the hell hound!
The walls burn the fire elemental!
The fire elemental hits you. The fire elemental burns you!
The walls burn the hell hound!
The centaur wields a +0 shortbow.
The centaur shoots an arrow.
The arrow hits you.
The walls burn the fire elemental!
You destroy the fire elemental!
The walls burn the hell hound!
The centaur shoots an arrow.
The arrow completely misses you.
The walls burn the hell hound!
The wall burns Azrael!
The walls burn the fire elemental!
The walls burn the hell hound!
You kill the hell hound!
You mangle the centaur!! You claw the centaur.
You kill the centaur!
The wall burns Azrael!
The walls burn the fire elemental!
The walls burn the fire elemental!
You claw the fire elemental!
The fire elemental is almost destroyed.
The walls burn the fire elemental!
You destroy the fire elemental!
The walls burn Azrael!
You barely miss Azrael.
Azrael is lightly wounded.
The walls burn Azrael!
Azrael blows smoke rings.
Azrael gestures at you.
The fireball explodes!
The fireball engulfs you!!
* * * LOW HITPOINT WARNING * * *
The fireball engulfs Azrael.
Azrael completely resists.
Okay, then.
Unknown command.
A thick mucus forms on your claws.
The walls burn Azrael!
Azrael gestures at you.
The sphere of damnation explodes!
The damnation engulfs you!!!
You die...

○..☼○○.○☼..........##≈#
.E○..○☼...○........#
☼°......○○○☼R.....(#
............°°.....#
)..#......###°.....#
..###....## ##°....# .#
##...# #°....# #....
##R)...# ..... #@....!#
......≈≈§§.....#
....≈........#
....≈≈≈≈.....#
.............#
.............#
.............#
.............#


You could see Azrael.

Vanquished Creatures
  Erolcha (D:9)
  A centaur warrior (D:8)
  Erica (D:8)
  A deep elf pyromancer (D:8)
  2 ugly things (D:8)
  3 cyclopes
  Joseph (D:10)
  Maurice (D:9)
  A gargoyle (D:11)
  An unseen horror (D:6)
  A komodo dragon (D:12)
  A troll (D:11)
  Sigmund (D:5)
  2 shadows (D:11)
  2 wraiths (D:9)
  17 yaks
  Eustachio (D:5)
  2 fire elementals (D:12)
  A vampire mosquito (D:8)
  2 hell hounds (D:12)
  2 acid dragons
  3 water moccasins
  4 orc warriors
  A sky beast (D:5)
  2 black bears (D:10)
  An ice beast (D:6)
  3 necrophages
  An ogre (D:4)
  4 centaurs
  A phantom (D:5)
  A kobold brigand (D:9)
  2 bullfrogs
  5 scorpions
  A water moccasin zombie (D:6)
  7 wights
  4 centaur zombies
  A howler monkey (D:8)
  A human zombie (D:4)
  2 bullfrog skeletons (D:6)
  4 orc priests
  A gnoll shaman (D:7)
  2 iguanas
  2 scorpion zombies (D:4)
  4 orc wizards
  A hound zombie (D:4)
  A mummy (D:4)
  A howler monkey zombie (D:10)
  8 gnolls
  6 adders
  A shadow imp (D:7)
  A white imp (D:7)
  3 ufetubi
  2 worms (D:3)
  An adder zombie (D:4)
  An adder skeleton (D:4)
  19 orcs
  8 endoplasms
  A giant cockroach (D:4)
  4 goblins
  4 hobgoblins (D:2)
  5 jackals
  9 kobolds
  2 quokkas
  4 ball pythons
  3 bats
  2 frilled lizards
  3 rats
192 creatures vanquished.

Vanquished Creatures (others)
  A slime creature (D:11)
  A yak (D:9)
  An orc warrior (D:11)
  A centaur (D:10)
  2 kobold brigands (D:9)
  15 jellies
  A centaur zombie (D:8)
  A hound (D:5)
  A bullfrog skeleton (D:7)
  2 orc wizards
  A gnoll (D:6)
  A shadow imp (D:8)
  An adder zombie (D:4)
  9 orcs
  3 ball pythons (D:4)
  A hobgoblin (D:4)
  4 kobolds (D:9)
  A quokka (D:4)
  12 fungi (D:10)
  9 plants (D:10)
68 creatures vanquished.

Grand Total: 260 creatures vanquished

Notes
Turn   | Place    | Note
-------+----------+-------------------------------------------
     0 | D:1      | HallandMoats the Ghoul Monk began the quest for the Orb.
     0 | D:1      | Reached XP level 1. HP: 19/19 MP: 0/0
   400 | D:1      | Reached XP level 2. HP: 24/26 MP: 1/1
   710 | D:2      | HP: 1/26 [adder (4)]
   712 | D:2      | Reached XP level 3. HP: 1/33 MP: 2/2
  1337 | D:2      | Reached skill level 1 in Invocations
  1816 | D:3      | Found a bloodstained altar of Trog.
  2032 | D:3      | Found Plog's Armour Shop.
  2034 | D:3      | Reached XP level 4. HP: 40/40 MP: 3/3
  2442 | D:3      | Found a faded altar of an unknown god.
  2448 | D:3      | Prayed at the altar of an unknown god.
  2448 | D:3      | Became a worshipper of Jiyva Jefeceem the Shapeless
  2448 | D:3      | Reached * piety under Jiyva
  2448 | D:3      | Reached ** piety under Jiyva
  2467 | D:3      | Reached skill level 1 in Armour
  2694 | D:4      | Noticed a scorpion
  2694 | D:4      | Found a runed translucent door.
  2739 | D:4      | Killed a scorpion
  2740 | D:4      | Reached XP level 5. HP: 29/47 MP: 3/5
  2783 | D:4      | Reached *** piety under Jiyva
  2987 | D:4      | Noticed an ogre
  2999 | D:4      | Killed an ogre
  3005 | D:4      | Reached XP level 6. HP: 40/53 MP: 6/6
  3452 | D:4      | Noticed a necrophage
  3462 | D:4      | Killed a necrophage
  3463 | D:4      | Reached skill level 5 in Fighting
  3463 | D:4      | Reached skill level 5 in Unarmed Combat
  3525 | D:4      | Reached XP level 7. HP: 59/61 MP: 7/7
  3583 | D:4      | Found an ancient bone altar of Kikubaaqudgha.
  3664 | D:4      | Noticed Jingleheimer's ghost (amateur MiHu)
  3694 | D:5      | Entered Level 5 of the Dungeon
  3758 | D:5      | Reached **** piety under Jiyva
  3832 | D:5      | Noticed Eustachio
  3962 | D:5      | Killed Eustachio
  4032 | D:5      | Found a hide-covered altar of Uskayaw.
  4044 | D:5      | Found Cuorch's Weapon Shoppe.
  4052 | D:5      | Reached XP level 8. HP: 58/70 MP: 9/9
  4251 | D:5      | Found a staircase to the Ecumenical Temple.
  4272 | D:5      | Noticed Sigmund
  4314 | D:5      | Killed Sigmund
  4744 | D:6      | Reached ***** piety under Jiyva
  4815 | D:6      | Reached XP level 9. HP: 63/79 MP: 11/11
  5485 | D:6      | Killed an unseen horror
  5597 | D:6      | Noticed an angel
  5720 | D:7      | Reached skill level 5 in Dodging
  5807 | D:7      | Reached skill level 5 in Invocations
  5928 | D:7      | Found a blossoming altar of Fedhas.
  6155 | D:7      | Found a hazy altar of Hepliaklqana.
  6464 | D:8      | Found Iniego's Antique Weapon Shop.
  6467 | D:8      | Noticed Erica
  6494 | D:8      | Killed Erica
  6495 | D:8      | Reached XP level 10. HP: 61/90 MP: 11/13
  6706 | D:8      | Noticed a brown ugly thing
  6707 | D:8      | Noticed a deep elf pyromancer
  6707 | D:8      | Noticed a red ugly thing
  6723 | D:8      | Killed a cyan ugly thing
  6725 | D:8      | Killed a red ugly thing
  6726 | D:8      | Reached skill level 5 in Armour
  6727 | D:8      | Killed a deep elf pyromancer
  6736 | D:8      | Noticed a cyclops
  6801 | D:8      | Noticed a centaur warrior
  6816 | D:8      | Killed a centaur warrior
  7152 | D:8      | Found a basalt altar of Yredelemnul.
  7184 | D:8      | Killed a cyclops
  7185 | D:8      | Reached skill level 10 in Fighting
  7185 | D:8      | Reached skill level 10 in Unarmed Combat
  7330 | D:8      | Reached XP level 11. HP: 74/100 MP: 14/14
  7566 | D:9      | Noticed Erolcha
  7596 | D:9      | Killed Erolcha
  7636 | D:9      | Noticed Maurice
  7656 | D:9      | Killed Maurice
  8056 | D:9      | Found a staircase to the Orcish Mines.
  8094 | D:9      | Found an ornate altar of the Wu Jian Council.
  8363 | D:10     | Entered Level 10 of the Dungeon
  8429 | D:10     | Found a sacrificial altar of Ru.
  8450 | D:10     | Noticed Joseph
  8452 | D:10     | Noticed a cyclops
  8460 | D:10     | Killed Joseph
  8481 | D:10     | Killed a cyclops
  8607 | D:10     | Found a radiant altar of Vehumet.
  8682 | D:10     | Found a sparkling altar of Nemelex Xobeh.
  8751 | D:10     | Found a broken altar of Ashenzari.
  8861 | D:10     | Found a staircase to the Lair.
  8931 | D:10     | Found a stormy altar of Qazlal.
  9823 | D:12     | Noticed a cyclops
  9832 | D:12     | Killed a cyclops
  9833 | D:12     | Reached XP level 12. HP: 83/111 MP: 12/16
  9885 | D:12     | Reached ****** piety under Jiyva
  9897 | D:12     | Noticed Azrael
  9916 | D:12     | Killed from afar by Azrael

Illustrated notes

Levels and vault maps discovered:
D:1:      kennysheep_arrival_forest, layout_rooms
D:2:      layout_basic, chequers_serial_rivers_small_a
D:3:      layout_basic, lemuel_doored_altar, serial_shops,
          nicolae_shop_behind_doors, shapermc_ecumenical_altar_pompeii,
          minmay_misc_feat_pillars
D:4:      layout_basic, lemuel_mausoleum_altar_kikubaaqudgha,
          ebering_ghost_sewer_d
D:5:      layout_basic, nicolae_uskayaw_murder_on_the_dancefloor,
          mainiacjoe_overflow_alcove_1, minmay_temple_entry_enclosed_plants,
          serial_shops, nicolae_shop_bloodbath_and_beyond,
          amcnicky_mini_rare_corridor_liquid, uniq_eustachio, uniq_sigmund
D:6:      layout_rooms, zin_angel
D:7:      layout_rooms, amcnicky_altar_gilded, amethyst_overflow_temple_binary,
          grunt_ministairs_7
D:8:      minmay_blocky_corners, layout_basic, lemuel_zombie_altar_yredelemnul,
          serial_corexii_hall, chequers_hall_statues_y, corexii_hall_statues_x,
          serial_shops, nicolae_shop_stone, enter_bailey_8, st_stairs_14,
          uniq_erica
D:9:      layout_basic, pdpol_wu_jian_five_deadly_venoms,
          grunt_decor_resistance, dk_noncrumbling_2, uniq_erolcha, uniq_maurice
D:10:     layout_basic, nicolae_ru_sacrificial_ziggurat, marbit_many_paths,
          nicolae_vehumet_altar_sigil, nemelex_altar_shiori,
          grunt_qazlal_sundering, grunt_lair_entry_orc_guard_hut, uniq_joseph
D:11:     layout_long_grid, minmay_misc_feat_alley
D:12:     layout_big_octagon, serial_shops, shop, gammafunk_ghost_necromancy,
          serial_rivers, chequers_serial_rivers_small_a,
          chequers_serial_rivers_small_b, chequers_serial_rivers_marsh,
          chequers_serial_rivers_marsh, chequers_serial_rivers_micro_d,
          uniq_sonja, uniq_azrael

Skill      XL: |  1  2  3  4  5  6  7  8  9 10 11 |
---------------+----------------------------------+-----
Invocations    | 1 2 3 4 5 6 7 |  7.8
Fighting       | 4 5 6 7 8 10 11 | 11.7
Unarmed Combat | 4 5 6 7 8 10 11 | 11.7
Armour         | 1 2 3 4 5 6 |  6.5
Dodging        | 3 4 5 6 7 |  7.2
Stealth        | |  2.1

Action                   |  1- 3 |  4- 6 |  7- 9 | 10-12 || total
-------------------------+-------+-------+-------+-------++-------
Melee: Unarmed           |    79 |   156 |   271 |   369 ||   875
       Punch             |     1 |     2 |    15 |    40 ||    58
       Spear             |       |       |     5 |       ||     5
Invok: Oozemancy         |       |       |     3 |     3 ||     6
       Slimify           |       |       |       |     1 ||     1
  Use: Scroll            |       |       |     8 |     2 ||    10
       Potion            |       |       |     2 |       ||     2
 Stab: Sleeping          |     1 |       |       |       ||     1
Armor: Robe              |     5 |       |       |       ||     5
       Chain mail        |     4 |    71 |   174 |   188 ||   437
Dodge: Dodged            |    43 |    60 |   121 |   173 ||   397
